 Dungeon Crawl Stone Soup version 0.24.1-14-gf8d2b509d9 (webtiles) character file.

Game seed: 9742410881351685544, levelgen mode: deterministic

164 Jumperg the Shooter (level 5, -4/40 HPs)
             Began as a Centaur Arcane Marksman on June 11, 2020.
             Was an Initiate of Qazlal.
             Succumbed to kobold's curare-tipped dart
             ... on level 3 of the Dungeon.
             The game lasted 00:28:51 (2079 turns).

Jumperg the Shooter (Centaur Arcane Marksman)       Turns: 2079, Time: 00:28:52

Health: -4/40      AC:  4    Str: 12    XL:     5   Next: 21%
Magic:  8/8        EV: 10    Int: 17    God:    Qazlal [......]
Gold:   109        SH:  0    Dex: 11    Spells: 7/8 levels left

rFire    . . .     SeeInvis .   a - +0 shortbow
rCold    . . .     Gourm    .   (shield currently unavailable)
rNeg     . . .     Faith    .   e - +0 robe
rPois    .         Spirit   .   (no helmet)
rElec    .         Reflect  .   (no cloak)
rCorr    .         Harm     .   (no gloves)
MR       .....                  (no barding)
Stlth    +.........             (no amulet)
HPRegen  0.13/turn              (no ring)
MPRegen  0.11/turn              (no ring)

@: brilliant, lethally poisoned (-4 -> -50), slowed
A: large, hooves 3, deformed body, speed 2, tough skin 3
a: Renounce Religion


You were on level 3 of the Dungeon.
You worshipped Qazlal.
Qazlal was noncommittal.
You were not hungry.

You visited 1 branch of the dungeon, and saw 3 of its levels.

You collected 109 gold pieces.

Inventory:

Hand Weapons
 a - a +0 shortbow (weapon)
 j - a +0 spear
 l - a +0 short sword
 p - a +0 hand axe
 w - a +0 hunting sling
Missiles
 b - 126 stones
 d - 77 arrows (quivered)
 r - 17 poisoned darts
 y - 14 bolts
Armour
 e - a +0 robe (worn)
Jewellery
 i - an uncursed amulet of harm {unknown}
 o - an uncursed ring of fire {unknown}
 z - an uncursed ring of see invisible {unknown}
 B - an uncursed ring of flight {unknown}
Scrolls
 c - 2 scrolls of fear {unknown}
 h - a scroll of blinking {unknown}
 m - 2 scrolls of remove curse {unknown}
 n - a scroll of enchant armour {unknown}
 q - 3 scrolls of identify {unknown}
 s - 3 scrolls of teleportation {unknown}
 C - a scroll of random uselessness {unknown}
Potions
 g - a potion of resistance {unknown}
 k - a potion of degeneration {unknown}
 t - a potion of curing {unknown}
 u - a potion of berserk rage {unknown}
 v - a potion of heal wounds {unknown}
 x - 2 potions of brilliance
 A - a potion of haste {unknown}
 D - a potion of lignification {unknown}
Comestibles
 f - 8 rations


   Skills:
 - Level 1.0 Fighting
 + Level 4.7 Bows
 - Level 1.3 Dodging
 + Level 2.3 Spellcasting
 + Level 3.8 Hexes


You had 7 spell levels left.
You knew the following spells:

 Your Spells              Type           Power        Failure   Level  Hunger
a - Corona                Hex            ####...      1%          1    #......

Your spell library contained the following spells:

 Spells                   Type           Power        Failure   Level  Hunger
 Slow                     Hex            ####....     1%          2    ###....
 Inner Flame              Hex/Fire       ###.....     3%          3    ###....
 Portal Projectile        Hex/Tloc       ###...       3%          3    ###....
 Cause Fear               Hex            ####......   4%          4    #####..
 Leda's Liquefaction      Hex/Erth       ###.......   10%         4    #####..


Dungeon Overview and Level Annotations

Branches:
Dungeon (3/15)

Altars:
Ashenzari
Kikubaaqudgha
Qazlal
Sif Muna


Innate Abilities, Weirdness & Mutations

You have hooves in place of feet.
Armour fits poorly on your strangely shaped body.
You cover ground very quickly.
You have extremely tough skin. (AC +3)


Message History

The kobold throws a curare-tipped dart.
The curare-tipped dart hits you.
You are more poisoned.
You have difficulty breathing.
You feel as though you will be slow longer.
The kobold throws a curare-tipped dart.
The curare-tipped dart hits you.
You are more poisoned.
You have difficulty breathing.
* * * LOW HITPOINT WARNING * * *
You feel as though you will be slow longer.
Firing (i - inventory. (/) - cycle)
d - 78 arrows (quivered)
Press: ? - help, Shift-Dir - straight line, f/p - kobold
Aim: a kobold (moderately wounded)
You shoot an arrow. The arrow barely misses the kobold.
* * * LOW HITPOINT WARNING * * *
You feel very sick.
The kobold throws a curare-tipped dart.
The curare-tipped dart barely misses you.
It was a potion of brilliance.
You feel clever all of a sudden.
You die...

##..# #......#
##########...#####......##
........##.#..............
........##.#..####......###
........##.#..####..........
.............[.............
...........#.#####......#..
........#..#.#...#.........
........##......@(.....>##
##########...........#..#
#.......).#.#..# #.
#.#.......#....######.##
#.#...........K....##.#.
###.#.....................
#.................###.....
#.................# #.##..
#...#.............###.##.#


You could see a kobold.

Vanquished Creatures
  A phantom (D:3)
  2 adders (D:2)
  An ooze (D:2)
  2 worms (D:2)
  A dart slug (D:2)
  3 leopard geckos (D:1)
  2 giant cockroaches
  5 goblins
  6 hobgoblins
  2 jackals (D:1)
  3 bats
  2 frilled lizards (D:1)
  6 kobolds
  10 rats
46 creatures vanquished.

Notes
Turn   | Place    | Note
-------+----------+-------------------------------------------
     0 | D:1      | Jumperg the Centaur Arcane Marksman began the quest for the
                  | Orb.
     0 | D:1      | Reached XP level 1. HP: 16/16 MP: 2/2
   179 | D:1      | Reached skill level 3 in Bows
   220 | D:1      | Reached XP level 2. HP: 21/23 MP: 1/3
   704 | D:1      | Reached XP level 3. HP: 25/28 MP: 5/5
  1300 | D:2      | Found a shimmering blue altar of Sif Muna.
  1305 | D:2      | Found a shattered altar of Ashenzari.
  1310 | D:2      | Found an ancient bone altar of Kikubaaqudgha.
  1315 | D:2      | Found a stormy altar of Qazlal.
  1319 | D:2      | Became a worshipper of Qazlal Stormbringer
  1459 | D:2      | Reached skill level 4 in Bows
  1517 | D:2      | Reached XP level 4. HP: 35/35 MP: 3/6
  1739 | D:3      | Noticed a phantom
  1997 | D:3      | Killed a phantom
  1997 | D:3      | Reached XP level 5. HP: 40/40 MP: 5/8
  2078 | D:3      | HP: 1/40 [poisoned by kobold (curare-tipped dart)]
  2079 | D:3      | Succumbed to kobold's curare-tipped dart

Levels and vault maps discovered:
D:1:      dpeg_arrival_leaves_temple_mockup, layout_loops_ring
D:2:      layout_rooms, grunt_temple_overflow_cloverleaf, first_ration,
          minmay_bisected
D:3:      layout_rooms

Skill      XL: |  1  2  3  4 |
---------------+-------------+-----
Bows           | 3 4 |  4.7
Hexes          | 3 |  3.8
Spellcasting   | 2 |  2.3
Fighting       | |  1.0
Dodging        | |  1.3

Action                   |  1- 3 |  4- 6 || total
-------------------------+-------+-------++-------
Melee: Spear             |    76 |       ||    76
       Kick              |     9 |       ||     9
       Unarmed           |     1 |       ||     1
       Short sword       |    28 |     2 ||    30
 Fire: Shortbow          |    52 |    30 ||    82
Throw: Stone             |    36 |       ||    36
 Cast: Corona            |    13 |    15 ||    28
  Use: Potion            |       |     1 ||     1
  Eat: Chunk             |     1 |     2 ||     3
Armor: Robe              |    38 |       ||    38
Dodge: Dodged            |    62 |     5 ||    67
